| TOP OF THE 1ST |
|
Burlington Royals batting - Pitching for Baltimore (APP) Orioles : LHP Luis Perez
|
|
Pitching: LHP Luis Perez
|
|
|
Batting: RHB Tim Persson
|
0-0: Foul Ball, location: 2F 0-1: Hit by Pitch
|
|
Batting: LHB Ernesto Abreu
|
0-0: Called Strike 0-1: Ball 1-1: Called Strike 1-2: Strikes out swinging
|
|
Batting: SHB Manny Berrones
|
0-0: Ball 1-0: Ball 2-0: Called Strike 2-1: Swinging Strike 2-2: Foul Ball, location: 2F 2-2: Ground out 5-3 (Groundball, 5S, EV 68.1 MPH) Tim Persson to second
|
|
Batting: SHB Danny Ballenger
|
0-0: Called Strike 0-1: Called Strike 0-2: Strikes out swinging
|
| Top of the 1st over - 0 runs, 0 hits, 0 errors, 1 left on base; Burlington 0 - Baltimore (APP) 0 |
| BOTTOM OF THE 1ST |
|
Baltimore (APP) Orioles batting - Pitching for Burlington Royals : RHP Matthew Orphan
|
|
Pitching: RHP Matthew Orphan
|
|
|
Batting: RHB Alex Valencia
|
0-0: Ball 1-0: Ball 2-0: Ground out 6-3 (Groundball, 6M, EV 83.8 MPH)
|
|
Batting: LHB Rodolfo Montes
|
0-0: Called Strike 0-1: Swinging Strike 0-2: Ground out U3 (Groundball, 3L, EV 81.3 MPH)
|
|
Batting: RHB Jeremy Sipe
|
0-0: Swinging Strike 0-1: Foul Ball, location: 2F 0-2: Foul Ball, location: 2F 0-2: Ball 1-2: Foul Ball, location: 2F 1-2: Strikes out swinging
|
| Bottom of the 1st over - 0 runs, 0 hits, 0 errors, 0 left on base; Burlington 0 - Baltimore (APP) 0 |
| TOP OF THE 2ND |
|
Burlington Royals batting - Pitching for Baltimore (APP) Orioles : LHP Luis Perez
|
|
Batting: RHB Rob Ward
|
0-0: SINGLE (Flyball, 56D, EV 90.0 MPH)
|
|
Batting: LHB Bobby Gonzalez
|
0-0: Swinging Strike 0-1: Ball 1-1: Called Strike 1-2: Foul Ball, location: 2F 1-2: Strikes out looking
|
|
Batting: SHB Marcos Cortez
|
0-0: Called Strike 0-1: Fly out, F8 (Flyball, 8RS, EV 97.5 MPH)
|
|
Batting: RHB Shane Bruce
|
0-0: Ball 1-0: Ball 2-0: Ball 3-0: Base on Balls Rob Ward to second
|
|
Batting: RHB Steve Ryals
|
0-0: Called Strike 0-1: Ball 1-1: Ball 2-1: Swinging Strike 2-2: Strikes out swinging
|
| Top of the 2nd over - 0 runs, 1 hit, 0 errors, 2 left on base; Burlington 0 - Baltimore (APP) 0 |
| BOTTOM OF THE 2ND |
|
Baltimore (APP) Orioles batting - Pitching for Burlington Royals : RHP Matthew Orphan
|
|
Batting: LHB Bill Ostlund
|
0-0: Fly out, F4 (Flyball, 34D, EV 78.8 MPH)
|
|
Batting: RHB Mike Zepeda
|
0-0: Swinging Strike 0-1: Ball 1-1: Swinging Strike 1-2: Ball 2-2: Strikes out swinging
|
|
Batting: LHB Eric Jackson
|
0-0: Ground out 6-3 (Groundball, 6, EV 104.4 MPH)
|
| Bottom of the 2nd over - 0 runs, 0 hits, 0 errors, 0 left on base; Burlington 0 - Baltimore (APP) 0 |
| TOP OF THE 3RD |
|
Burlington Royals batting - Pitching for Baltimore (APP) Orioles : LHP Luis Perez
|
|
Batting: RHB Tim Persson
|
0-0: Swinging Strike 0-1: Ball 1-1: Ball 2-1: Foul Ball, location: 2F 2-2: Foul Ball, location: 2F 2-2: Fly out, F3 (Line Drive, 3, EV 68.1 MPH)
|
|
Batting: LHB Ernesto Abreu
|
0-0: Ball 1-0: Ball 2-0: Called Strike 2-1: Foul Ball, location: 2F 2-2: Foul Ball, location: 2F 2-2: Ball 3-2: Strikes out swinging
|
|
Batting: SHB Manny Berrones
|
0-0: Swinging Strike 0-1: Called Strike 0-2: Ball 1-2: Strikes out swinging
|
| Top of the 3rd over - 0 runs, 0 hits, 0 errors, 0 left on base; Burlington 0 - Baltimore (APP) 0 |
| BOTTOM OF THE 3RD |
|
Baltimore (APP) Orioles batting - Pitching for Burlington Royals : RHP Matthew Orphan
|
|
Batting: RHB Fernando Bravo
|
0-0: Ball 1-0: Fly out, F8 (Flyball, 89D, EV 78.1 MPH)
|
|
Batting: RHB Ryan Vest
|
0-0: Foul Ball, location: 2F 0-1: Foul Ball, location: 2F 0-2: Strikes out swinging
|
|
Batting: RHB Roberto Sotelo
|
0-0: Ball 1-0: Called Strike 1-1: Foul Ball, location: 2F 1-2: Strikes out swinging
|
| Bottom of the 3rd over - 0 runs, 0 hits, 0 errors, 0 left on base; Burlington 0 - Baltimore (APP) 0 |
| TOP OF THE 4TH |
|
Burlington Royals batting - Pitching for Baltimore (APP) Orioles : LHP Luis Perez
|
|
Batting: SHB Danny Ballenger
|
0-0: Swinging Strike 0-1: Ball 1-1: Foul Ball, location: 2F 1-2: Ball 2-2: Ball 3-2: Foul Ball, location: 2F 3-2: Strikes out swinging
|
|
Batting: RHB Rob Ward
|
0-0: Foul Ball, location: 2F 0-1: Foul Ball, location: 2F 0-2: Ball 1-2: Ground out 5-3 (Groundball, 56, EV 89.4 MPH)
|
|
Batting: LHB Bobby Gonzalez
|
0-0: Called Strike 0-1: Foul Ball, location: 2F 0-2: Ground out 1-3 (Groundball, 13S, EV 76.3 MPH)
|
| Top of the 4th over - 0 runs, 0 hits, 0 errors, 0 left on base; Burlington 0 - Baltimore (APP) 0 |
| BOTTOM OF THE 4TH |
|
Baltimore (APP) Orioles batting - Pitching for Burlington Royals : RHP Matthew Orphan
|
|
Batting: RHB Alex Valencia
|
0-0: Ball 1-0: Ball 2-0: Foul Ball, location: 2F 2-1: DOUBLE (Groundball, 3L, EV 101.9 MPH)
|
|
Batting: LHB Rodolfo Montes
|
0-0: Ball 1-0: Swinging Strike 1-1: Ball 2-1: Swinging Strike 2-2: Ground out 3-1 (Groundball, 34S, EV 86.9 MPH) Alex Valencia to third
|
|
Batting: RHB Jeremy Sipe
|
0-0: DOUBLE (Groundball, 5L, EV 101.9 MPH) Alex Valencia scores
|
|
Batting: LHB Bill Ostlund
|
0-0: Ground out 4-3 (Groundball, 4, EV 87.5 MPH) Jeremy Sipe to third
|
|
Batting: RHB Mike Zepeda
|
0-0: Foul Ball, location: 2F 0-1: Ball 1-1: Swinging Strike 1-2: Strikes out looking
|
| Bottom of the 4th over - 1 run, 2 hits, 0 errors, 1 left on base; Burlington 0 - Baltimore (APP) 1 |
| TOP OF THE 5TH |
|
Burlington Royals batting - Pitching for Baltimore (APP) Orioles : LHP Luis Perez
|
|
Batting: SHB Marcos Cortez
|
0-0: Ball 1-0: Called Strike 1-1: Foul Ball, location: 2F 1-2: Ground out 1-3 (Groundball, 13S, EV 68.1 MPH)
|
|
Batting: RHB Shane Bruce
|
0-0: Called Strike 0-1: Foul Ball, location: 2F 0-2: Strikes out looking
|
|
Batting: RHB Steve Ryals
|
0-0: Ball 1-0: Called Strike 1-1: Ball 2-1: Ground out 3-1 (Groundball, 34, EV 80.6 MPH)
|
| Top of the 5th over - 0 runs, 0 hits, 0 errors, 0 left on base; Burlington 0 - Baltimore (APP) 1 |
| BOTTOM OF THE 5TH |
|
Baltimore (APP) Orioles batting - Pitching for Burlington Royals : RHP Matthew Orphan
|
|
Batting: LHB Eric Jackson
|
0-0: Ground out U3 (Groundball, 3L, EV 86.3 MPH)
|
|
Batting: RHB Fernando Bravo
|
0-0: Called Strike 0-1: Ball 1-1: Called Strike 1-2: Strikes out looking
|
|
Batting: RHB Ryan Vest
|
0-0: Ball 1-0: Ball 2-0: Called Strike 2-1: Swinging Strike 2-2: Strikes out swinging
|
| Bottom of the 5th over - 0 runs, 0 hits, 0 errors, 0 left on base; Burlington 0 - Baltimore (APP) 1 |
| TOP OF THE 6TH |
|
Burlington Royals batting - Pitching for Baltimore (APP) Orioles : LHP Luis Perez
|
|
Batting: RHB Tim Persson
|
0-0: Ball 1-0: Swinging Strike 1-1: Ball 2-1: Called Strike 2-2: Strikes out swinging
|
|
Batting: LHB Ernesto Abreu
|
0-0: Swinging Strike 0-1: Fly out, F7 (Flyball, 7LM, EV 98.8 MPH)
|
|
Batting: SHB Manny Berrones
|
0-0: Called Strike 0-1: Called Strike 0-2: Ball 1-2: Foul Ball, location: 2F 1-2: Foul Ball, location: 2F 1-2: Foul Ball, location: 2F 1-2: Ball 2-2: Foul Ball, location: 2F 2-2: Strikes out swinging, 2-3 out at first.
|
| Top of the 6th over - 0 runs, 0 hits, 0 errors, 0 left on base; Burlington 0 - Baltimore (APP) 1 |
| BOTTOM OF THE 6TH |
|
Baltimore (APP) Orioles batting - Pitching for Burlington Royals : RHP Matthew Orphan
|
|
Batting: RHB Roberto Sotelo
|
0-0: Foul Ball, location: 2F 0-1: Swinging Strike 0-2: Ball 1-2: SINGLE (Groundball, 56S, EV 65.6 MPH) (infield hit)
|
|
Batting: RHB Alex Valencia
|
0-0: Foul Ball, location: 2F 0-1: Called Strike 0-2: Foul Ball, location: 2F 0-2: Foul Ball, location: 2F 0-2: Ball 1-2: Fielders Choice at 2nd, 3-6 (Groundball, 3S, EV 91.3 MPH)
|
|
Batting: LHB Rodolfo Montes
|
0-0: Ball 1-0: Fielders Choice at 2nd, 4-6 (Groundball, 4, EV 86.9 MPH)
|
|
Batting: RHB Jeremy Sipe
|
0-0: Ball 1-0: Called Strike 1-1: Ball 2-1: Foul Ball, location: 2F 2-2: Foul Ball, location: 2F 2-2: Foul Ball, location: 2F 2-2: Reached on error, E4 (Groundball, 4M, EV 86.3 MPH) Rodolfo Montes to second
|
|
Batting: LHB Bill Ostlund
|
0-0: Called Strike 0-1: SINGLE (Groundball, 4MD, EV 100.6 MPH) Rodolfo Montes to third Jeremy Sipe to second Runner from 3rd tries for Home, throw by CF and OUT! 8-2
|
| Bottom of the 6th over - 0 runs, 2 hits, 1 error, 2 left on base; Burlington 0 - Baltimore (APP) 1 |
| TOP OF THE 7TH |
|
Burlington Royals batting - Pitching for Baltimore (APP) Orioles : LHP Luis Perez
|
|
Pitching: RHP Frank Caillouet
|
|
|
Batting: SHB Danny Ballenger
|
0-0: Called Strike 0-1: Ball 1-1: Called Strike 1-2: Foul Ball, location: 2F 1-2: Strikes out swinging
|
|
Batting: RHB Rob Ward
|
0-0: Ball 1-0: Foul Ball, location: 2F 1-1: Called Strike 1-2: Ball 2-2: Strikes out swinging
|
|
Batting: LHB Bobby Gonzalez
|
0-0: Called Strike 0-1: Called Strike 0-2: Strikes out swinging, 2-3 out at first.
|
| Top of the 7th over - 0 runs, 0 hits, 0 errors, 0 left on base; Burlington 0 - Baltimore (APP) 1 |
| BOTTOM OF THE 7TH |
|
Baltimore (APP) Orioles batting - Pitching for Burlington Royals : RHP Matthew Orphan
|
|
Batting: RHB Mike Zepeda
|
0-0: Called Strike 0-1: Ball 1-1: Ball 2-1: Ball 3-1: Swinging Strike 3-2: Base on Balls
|
|
Batting: LHB Eric Jackson
|
0-0: Ball Mike Zepeda steals 2nd base 1-0: Intentional Walk
|
|
Batting: RHB Fernando Bravo
|
0-0: Grounds into double play, 6-4-3 (Groundball, 6, EV 100.6 MPH) Mike Zepeda to third
|
|
Batting: RHB Ryan Vest
|
0-0: Ball 1-0: Foul Ball, location: 2F 1-1: Swinging Strike 1-2: Ball Wild Pitch! Mike Zepeda scores 2-2: Foul Ball, location: 2F 2-2: Ball 3-2: Foul Ball, location: 2F 3-2: Base on Balls
|
|
Batting: RHB Roberto Sotelo
|
0-0: Ball 1-0: Foul Ball, location: 2F 1-1: Fielders Choice at 2nd, 5-4 (Groundball, 5L, EV 103.1 MPH)
|
| Bottom of the 7th over - 1 run, 0 hits, 0 errors, 1 left on base; Burlington 0 - Baltimore (APP) 2 |
| TOP OF THE 8TH |
|
Burlington Royals batting - Pitching for Baltimore (APP) Orioles : RHP Frank Caillouet
|
|
Batting: SHB Marcos Cortez
|
0-0: Foul Ball, location: 2F 0-1: Swinging Strike 0-2: Strikes out looking
|
|
Batting: RHB Shane Bruce
|
0-0: Swinging Strike 0-1: Ball 1-1: Foul Ball, location: 2F 1-2: Ball 2-2: Ball 3-2: Fly out, F4 (Popup, 13S, EV 83.8 MPH)
|
|
Batting: RHB Steve Ryals
|
0-0: Called Strike 0-1: Ball 1-1: Ball 2-1: Called Strike 2-2: Strikes out swinging
|
| Top of the 8th over - 0 runs, 0 hits, 0 errors, 0 left on base; Burlington 0 - Baltimore (APP) 2 |
| BOTTOM OF THE 8TH |
|
Baltimore (APP) Orioles batting - Pitching for Burlington Royals : RHP Matthew Orphan
|
|
Pitching: RHP Kolenka Leschenya
|
|
|
Batting: RHB Alex Valencia
|
0-0: Foul Ball, location: 2F 0-1: Ball 1-1: Ball 2-1: Ball 3-1: Called Strike 3-2: Base on Balls
|
|
Batting: LHB Rodolfo Montes
|
0-0: Called Strike 0-1: Bunted foul 0-2: Ball 1-2: Ball 2-2: SINGLE (Groundball, 34D, EV 94.4 MPH) Alex Valencia to second Runner from 2nd tries for 3rd, SAFE, throw by RF made to third Rodolfo Montes to second
|
|
Batting: RHB Jeremy Sipe
|
0-0: Ball 1-0: Called Strike 1-1: Ball 2-1: Swinging Strike 2-2: Ball 3-2: Foul Ball, location: 2F 3-2: Strikes out swinging
|
|
Batting: LHB Bill Ostlund
|
0-0: Intentional Walk
|
|
Batting: RHB Mike Zepeda
|
0-0: Called Strike 0-1: Foul Ball, location: 2F 0-2: Ball 1-2: Strikes out swinging
|
|
Batting: LHB Eric Jackson
|
0-0: Ball 1-0: Foul Ball, location: 2F 1-1: Swinging Strike 1-2: Strikes out swinging
|
| Bottom of the 8th over - 0 runs, 1 hit, 0 errors, 3 left on base; Burlington 0 - Baltimore (APP) 2 |
| TOP OF THE 9TH |
|
Burlington Royals batting - Pitching for Baltimore (APP) Orioles : RHP Frank Caillouet
|
|
Pitching: RHP Chris Kimura
|
|
|
Batting: RHB Tim Persson
|
0-0: Called Strike 0-1: Ball 1-1: SINGLE (Groundball, 34D, EV 97.5 MPH)
|
|
Batting: LHB Ernesto Abreu
|
0-0: Ball 1-0: Called Strike 1-1: Swinging Strike 1-2: Strikes out swinging
|
|
Batting: SHB Manny Berrones
|
0-0: Ball 1-0: Fielders Choice at 2nd, 3-6 (Groundball, 34S, EV 80.6 MPH)
|
|
Batting: SHB Danny Ballenger
|
0-0: Ball 1-0: Foul Ball, location: 2F 1-1: Ball 2-1: Ball 3-1: Base on Balls Manny Berrones to second
|
|
Batting: RHB Rob Ward
|
0-0: Called Strike 0-1: Swinging Strike 0-2: Strikes out looking
|
| Top of the 9th over - 0 runs, 1 hit, 0 errors, 2 left on base; Burlington 0 - Baltimore (APP) 2 |
|